AoeStats
← ThePromise87

Fortress

508749650Analyzed
4v4 RM · 9d ago on Sep 23, 2026· 49m 22s· 8 players
Game mode
Random Map
Map size
Huge
Population
200
Speed
Normal
Resources
Standard
Victory
Conquest
Starting age
Dark Age
Ending age
Imperial Age
RankedLock teamsTeams togetherTeam positionsShared explorationLock speedFull tech treeHidden civsTurbo modeCheats
Victory
Defeat
🇺🇸 Saxons · United States
1214
+13
🇺🇸 Varangians · United States
1200
+13
🇺🇸 Danes · United States
1196
+14
🇺🇸 Goths · United States
1110
+17
🇺🇸 Goths · United States
1192
-16
🇩🇪 Turks · Germany
1142
-14
🇪🇸 Persians · Spain
1127
-14
🇫🇷 Britons · France
1103
-13
lordraiden36
8:32 Feudal Age
9:28 Horse Collar
12:36 Castle Age
10:21 Man-at-Arms
11:13 Double-Bit Axe
12:44 Long Swordsman
17:09 Scale Mail Armor
17:32 Gold Mining
18:59 Wheelbarrow
18:14 Loom
19:05 Forging
19:28 Squires
21:16 Chain Mail Armor
21:53 Hand Cart
21:52 Bow Saw
23:00 Iron Casting
28:55 Imperial Age
29:28 Two-Handed Swordsman
31:10 Blast Furnace
30:45 Champion
32:46 Conscription
Sir Swinag
8:12 Feudal Age
8:44 Horse Collar
8:53 Double-Bit Axe
14:26 Castle Age
15:53 Bow Saw
15:45 Heavy Plow
15:37 Gold Mining
21:19 Padded Archer Armor
29:05 Imperial Age
29:34 Elite Janissary
34:59 Two-Man Saw
34:27 Fortified Wall
36:59 Leather Archer Armor
41:40 Ring Archer Armor
41:15 Scale Barding Armor
41:22 Forging
El-Ziston
8:30 Feudal Age
6:46 Loom
12:41 Castle Age
12:25 Double-Bit Axe
21:00 Bow Saw
21:53 Gold Mining
22:06 Stone Mining
23:13 Caravan
24:24 Horse Collar
25:24 Gold Shaft Mining
29:10 Imperial Age
27:17 Wheelbarrow
26:30 Town Watch
26:32 Loom
28:46 Forging
28:36 Scale Mail Armor
28:36 Padded Archer Armor
28:27 Fletching
30:34 Elite Longbowman
31:59 Yeomen
32:18 Conscription
31:56 Pikeman
32:37 Squires
32:25 Arson
32:28 Gambesons
33:22 Iron Casting
33:02 Chain Mail Armor
33:03 Leather Archer Armor
32:43 Bodkin Arrow
34:26 Two-Man Saw
34:13 Hand Cart
33:59 Town Patrol
33:43 Elite Skirmisher
35:48 Blast Furnace
34:13 Halberdier
37:14 Plate Mail Armor
37:14 Ring Archer Armor
36:45 Bracer
37:49 Heavy Plow
38:27 Light Cavalry
40:45 Ballistics
39:56 Crossbowman
48:50 Chemistry
bandinibeni
7:50 Feudal Age
8:29 Horse Collar
8:35 Double-Bit Axe
13:14 Castle Age
12:33 Gold Mining
12:44 Town Watch
13:57 Kamandaran
14:03 Crossbowman
15:16 Fletching
15:44 Bow Saw
16:04 Loom
16:45 Padded Archer Armor
17:53 Leather Archer Armor
19:40 Bodkin Arrow
21:37 Wheelbarrow
26:54 Imperial Age
25:33 Forging
27:06 Ballistics
28:15 Chemistry
28:03 Ring Archer Armor
28:41 Thumb Ring
29:38 Iron Casting
33:10 Murder Holes
38:29 Blast Furnace
36:56 Cavalier
37:48 Bloodlines
38:02 Husbandry
37:48 Light Cavalry
39:41 Scale Barding Armor
Ryan G0sIing
8:55 Feudal Age
14:11 Castle Age
12:26 Horse Collar
12:41 Double-Bit Axe
14:41 Scale Mail Armor
15:43 Loom
19:08 Arson
20:51 Heavy Plow
21:25 Bow Saw
23:24 Chain Mail Armor
24:37 Squires
25:48 Wheelbarrow
26:42 Forging
30:24 Imperial Age
27:42 Hamask
29:44 Iron Casting
30:00 Man-at-Arms
31:42 Plate Mail Armor
32:14 Blast Furnace
31:45 Conscription
31:50 Hand Cart
31:24 Long Swordsman
31:58 Two-Handed Swordsman
32:57 Champion
37:11 Gold Mining
40:46 Gambesons
45:26 Gold Shaft Mining
ThePromise87
7:23 Feudal Age
8:49 Double-Bit Axe
11:42 Castle Age
13:07 Bow Saw
14:54 Wheelbarrow
19:09 Horse Collar
19:46 Gold Mining
20:32 Hand Cart
20:32 Heavy Plow
21:07 Stone Mining
25:26 Imperial Age
22:43 Loom
22:49 Town Watch
22:52 Pikeman
23:32 Squires
23:34 Scale Mail Armor
24:40 Treadmill Crane
25:51 Chain Mail Armor
25:46 Forging
26:09 Halberdier
26:35 Arson
26:23 Elite Varangian Guard
26:49 Gambesons
27:34 Conscription
28:03 Plate Mail Armor
28:09 Iron Casting
27:25 Fletching
28:54 Siege Engineers
29:29 Bodkin Arrow
30:41 Chemistry
29:16 Elite Hearth Troop
30:25 Bracer
32:14 Ballistics
31:47 Guard Tower
32:18 Guilds
31:58 Shield Wall
33:14 Hoardings
32:54 Masonry
34:13 Arrowslits
36:00 Keep
35:22 Murder Holes
35:17 Capped Ram
36:33 Architecture
36:19 Siege Ram
41:04 Coinage
43:27 Banking
43:58 Fortified Wall
CoolDude0p0
9:38 Feudal Age
13:28 Castle Age
12:10 Scale Mail Armor
12:02 Horse Collar
12:48 Double-Bit Axe
17:41 Chain Mail Armor
18:18 Wheelbarrow
17:51 Loom
23:41 Imperial Age
22:08 Forging
24:50 Iron Casting
30:06 Squires
37:28 Bow Saw
41:01 Hand Cart
41:20 Heavy Plow
43:47 Stone Mining
49:18 Caravan
ADOBO x PRODIGY
9:29 Feudal Age
13:12 Castle Age
11:32 Double-Bit Axe
13:04 Loom
14:27 Wheelbarrow
16:14 Horse Collar
18:21 Stone Mining
18:34 Town Watch
20:25 Heavy Plow
21:28 Hand Cart
24:58 Stone Shaft Mining
24:16 Gold Mining
27:40 Imperial Age
26:36 Forging
28:03 Iron Casting
28:56 Conscription
29:06 Bloodlines
29:06 Fletching
30:10 Scale Barding Armor
29:37 Light Cavalry
30:19 Husbandry
32:18 Fortified Wall
32:19 Masonry
32:33 Chain Barding Armor
33:16 Blast Furnace
35:10 Elite Jarl
39:10 Plate Barding Armor
40:32 Hussar
49:40 Bodkin Arrow
49:51 Padded Archer Armor
Connection lost

Rejoining the realm…

Still unreachable

The connection could not be restored.

Session expired

The server has moved on; the page needs a fresh start.